| TOP OF THE 1ST |
|
Bowling Green Hot Rods batting - Pitching for Lansing Lugnuts : LHP Ricardo Chavez
|
|
Pitching: LHP Ricardo Chavez
|
|
|
Batting: RHB Kunizo Yanagisawa
|
0-0: SINGLE (Groundball, 4MS, EV 66.9 MPH) (infield hit)
|
|
Batting: RHB Sesto Carpini
|
0-0: Foul Ball, location: 2F 0-1: Foul Ball, location: 2F 0-2: Foul Ball, location: 2F 0-2: Ball 1-2: Fielders Choice at 2nd, 4-6 (Groundball, 34, EV 107.5 MPH)
|
|
Batting: RHB Isaiah Easter
|
0-0: Called Strike 0-1: Swinging Strike 0-2: Fielders Choice at 2nd, 5-4 (Groundball, 56, EV 110.6 MPH)
|
|
Batting: RHB Azedine Kirui
|
0-0: Ball 1-0: Ball 2-0: SINGLE (Line Drive, 6M, EV 100.0 MPH) Isaiah Easter to second
|
|
Batting: LHB Darryl Gonnella
|
0-0: Called Strike 0-1: Ball 1-1: Swinging Strike 1-2: Foul Ball, location: 2F 1-2: Strikes out swinging
|
| Top of the 1st over - 0 runs, 2 hits, 0 errors, 2 left on base; Bowling Green 0 - Lansing 0 |
| BOTTOM OF THE 1ST |
|
Lansing Lugnuts batting - Pitching for Bowling Green Hot Rods : RHP Kyle Thomas
|
|
Pitching: RHP Kyle Thomas
|
|
|
Batting: RHB Tokuji Kawabata
|
0-0: Bunted foul 0-1: Foul Ball, location: 2F 0-2: Ground out 5-3 (Groundball, 56S, EV 85.0 MPH)
|
|
Batting: RHB Brian Manson
|
0-0: Ball 1-0: Called Strike 1-1: Called Strike 1-2: Ball 2-2: SINGLE (Line Drive, 89S, EV 100.0 MPH)
|
|
Batting: RHB Kyle Davis
|
0-0: Called Strike 0-1: Foul Ball, location: 2F 0-2: Strikes out swinging
|
|
Batting: RHB Justin Geiger
|
0-0: Foul Ball, location: 2F 0-1: Ball 1-1: Swinging Strike 1-2: Strikes out swinging
|
| Bottom of the 1st over - 0 runs, 1 hit, 0 errors, 1 left on base; Bowling Green 0 - Lansing 0 |
| TOP OF THE 2ND |
|
Bowling Green Hot Rods batting - Pitching for Lansing Lugnuts : LHP Ricardo Chavez
|
|
Batting: RHB Jose Arriola
|
0-0: Ball 1-0: Ground out 1-3 (Groundball, 13S, EV 66.2 MPH)
|
|
Batting: LHB Harris Vink
|
0-0: Ball 1-0: Foul Ball, location: 2F 1-1: Ball 2-1: Ball 3-1: TRIPLE (Flyball, 9LD, EV 106.9 MPH)
|
|
Batting: RHB Eric Waugaman
|
0-0: Ball 1-0: Ball 2-0: Called Strike 2-1: Ground out 5-3 (Groundball, 56S, EV 71.9 MPH) Harris Vink scores
|
|
Batting: RHB Dusty Camelli
|
0-0: Ball 1-0: Foul Ball, location: 2F 1-1: Ball 2-1: Ball 3-1: Ground out 6-3 (Groundball, 6S, EV 91.9 MPH)
|
| Top of the 2nd over - 1 run, 1 hit, 0 errors, 0 left on base; Bowling Green 1 - Lansing 0 |
| BOTTOM OF THE 2ND |
|
Lansing Lugnuts batting - Pitching for Bowling Green Hot Rods : RHP Kyle Thomas
|
|
Batting: RHB Taylor Peavey
|
0-0: Called Strike 0-1: Ball 1-1: Swinging Strike 1-2: Strikes out swinging
|
|
Batting: LHB Roger Escareno
|
0-0: Ball 1-0: Ground out U3 (Groundball, 3, EV 100.6 MPH)
|
|
Batting: SHB Tristan Dearing
|
0-0: Ball 1-0: Foul Ball, location: 2F 1-1: Foul Ball, location: 2F 1-2: Ball 2-2: SOLO HOME RUN (Line Drive, 9LD, EV 95.6 MPH), Distance : 333 ft
|
|
Batting: LHB Eddie Muniz
|
0-0: Swinging Strike 0-1: Ball 1-1: Ball 2-1: Swinging Strike 2-2: Strikes out swinging
|
| Bottom of the 2nd over - 1 run, 1 hit, 0 errors, 0 left on base; Bowling Green 1 - Lansing 1 |
| TOP OF THE 3RD |
|
Bowling Green Hot Rods batting - Pitching for Lansing Lugnuts : LHP Ricardo Chavez
|
|
Batting: RHB Kunizo Yanagisawa
|
0-0: Swinging Strike 0-1: Ball 1-1: Foul Ball, location: 2F 1-2: Strikes out swinging
|
|
Batting: RHB Sesto Carpini
|
0-0: Ball 1-0: Swinging Strike 1-1: Foul Ball, location: 2F 1-2: Strikes out swinging
|
|
Batting: RHB Isaiah Easter
|
0-0: SINGLE (Groundball, 6, EV 96.2 MPH)
|
|
Batting: RHB Azedine Kirui
|
0-0: Foul Ball, location: 2F 0-1: Ball 1-1: Foul Ball, location: 2F 1-2: Ball 2-2: Ball Pickoff Throw to First - Out! 1-3
|
| Top of the 3rd over - 0 runs, 1 hit, 0 errors, 0 left on base; Bowling Green 1 - Lansing 1 |
| BOTTOM OF THE 3RD |
|
Lansing Lugnuts batting - Pitching for Bowling Green Hot Rods : RHP Kyle Thomas
|
|
Batting: RHB Luis Reyes
|
0-0: Ball 1-0: Called Strike 1-1: DOUBLE (Line Drive, 5D, EV 95.6 MPH)
|
|
Batting: RHB Tokuji Kawabata
|
0-0: Ball 1-0: Called Strike 1-1: Foul Ball, location: 2F 1-2: SINGLE (Groundball, 13S, EV 71.2 MPH) (infield hit) Luis Reyes to third
|
|
Batting: RHB Brian Manson
|
0-0: Called Strike 0-1: Grounds into double play, 6-4-3 (Groundball, 6, EV 86.9 MPH) Luis Reyes scores
|
|
Batting: RHB Kyle Davis
|
0-0: Swinging Strike 0-1: Ground out 4-3 (Groundball, 4, EV 81.2 MPH)
|
| Bottom of the 3rd over - 1 run, 2 hits, 0 errors, 0 left on base; Bowling Green 1 - Lansing 2 |
| TOP OF THE 4TH |
|
Bowling Green Hot Rods batting - Pitching for Lansing Lugnuts : LHP Ricardo Chavez
|
|
Batting: RHB Azedine Kirui
|
0-0: Fly out, F3 (Popup, 3S, EV 79.4 MPH)
|
|
Batting: LHB Darryl Gonnella
|
0-0: Ground out 6-3 (Groundball, 6, EV 83.8 MPH)
|
|
Batting: RHB Jose Arriola
|
0-0: Ball 1-0: Fly out, F7 (Flyball, 7D, EV 101.2 MPH)
|
| Top of the 4th over - 0 runs, 0 hits, 0 errors, 0 left on base; Bowling Green 1 - Lansing 2 |
| BOTTOM OF THE 4TH |
|
Lansing Lugnuts batting - Pitching for Bowling Green Hot Rods : RHP Kyle Thomas
|
|
Batting: RHB Justin Geiger
|
0-0: Called Strike 0-1: Called Strike 0-2: Fly out, F8 (Line Drive, 8LD, EV 90.0 MPH)
|
|
Batting: RHB Taylor Peavey
|
0-0: Swinging Strike 0-1: Ball 1-1: Called Strike 1-2: SINGLE (Groundball, 56D, EV 99.4 MPH)
|
|
Batting: LHB Roger Escareno
|
0-0: Foul Ball, location: 2F 0-1: Ball 1-1: SINGLE (Line Drive, 6D, EV 105.6 MPH) Taylor Peavey to second
|
|
Batting: SHB Tristan Dearing
|
0-0: Called Strike 0-1: Ball 1-1: Called Strike 1-2: Foul Ball, location: 2F 1-2: Ball 2-2: Strikes out swinging
|
|
Batting: LHB Eddie Muniz
|
0-0: Ball 1-0: DOUBLE (Line Drive, 9LM, EV 110.0 MPH) Taylor Peavey scores Roger Escareno to third
|
|
Batting: RHB Luis Reyes
|
0-0: Ball 1-0: Swinging Strike 1-1: Ball Wild Pitch! Roger Escareno scores Eddie Muniz to third 2-1: Foul Ball, location: 2F 2-2: Ground out 5-3 (Groundball, 56D, EV 87.5 MPH)
|
| Bottom of the 4th over - 2 runs, 3 hits, 0 errors, 1 left on base; Bowling Green 1 - Lansing 4 |
| TOP OF THE 5TH |
|
Bowling Green Hot Rods batting - Pitching for Lansing Lugnuts : LHP Ricardo Chavez
|
|
Batting: LHB Harris Vink
|
0-0: Called Strike 0-1: Called Strike 0-2: Ball 1-2: Strikes out swinging
|
|
Batting: RHB Eric Waugaman
|
0-0: Ball 1-0: Ball 2-0: Ground out 4-3 (Groundball, 4, EV 106.2 MPH)
|
|
Batting: RHB Dusty Camelli
|
0-0: Ball 1-0: Ground out 6-3 (Groundball, 6, EV 100.0 MPH)
|
| Top of the 5th over - 0 runs, 0 hits, 0 errors, 0 left on base; Bowling Green 1 - Lansing 4 |
| BOTTOM OF THE 5TH |
|
Lansing Lugnuts batting - Pitching for Bowling Green Hot Rods : RHP Kyle Thomas
|
|
Batting: RHB Tokuji Kawabata
|
0-0: Called Strike 0-1: Swinging Strike 0-2: Ground out 5-3 (Groundball, 56, EV 97.5 MPH)
|
|
Batting: RHB Brian Manson
|
0-0: Fly out, F9 (Flyball, 9S, EV 93.8 MPH)
|
|
Batting: RHB Kyle Davis
|
0-0: Ball 1-0: Ball 2-0: Ball 3-0: Called Strike 3-1: Foul Ball, location: 2F 3-2: Fly out, F6 (Popup, 56D, EV 70.6 MPH)
|
| Bottom of the 5th over - 0 runs, 0 hits, 0 errors, 0 left on base; Bowling Green 1 - Lansing 4 |
| TOP OF THE 6TH |
|
Bowling Green Hot Rods batting - Pitching for Lansing Lugnuts : LHP Ricardo Chavez
|
|
Pitching: RHP Bryan Mattis
|
|
|
Batting: RHB Kunizo Yanagisawa
|
0-0: Ball 1-0: Called Strike 1-1: Ground out 5-3 (Groundball, 56S, EV 63.8 MPH)
|
|
Batting: RHB Sesto Carpini
|
0-0: Ball 1-0: Called Strike 1-1: Called Strike 1-2: Ball 2-2: Ball 3-2: Ground out 6-3 (Groundball, 6, EV 100.6 MPH)
|
|
Batting: RHB Isaiah Easter
|
0-0: Ball 1-0: Ground out 4-3 (Groundball, 4, EV 101.2 MPH)
|
| Top of the 6th over - 0 runs, 0 hits, 0 errors, 0 left on base; Bowling Green 1 - Lansing 4 |
| BOTTOM OF THE 6TH |
|
Lansing Lugnuts batting - Pitching for Bowling Green Hot Rods : RHP Kyle Thomas
|
|
Batting: RHB Justin Geiger
|
0-0: Ball 1-0: Foul Ball, location: 2F 1-1: Ball 2-1: Ball 3-1: SINGLE (Groundball, 5S, EV 71.2 MPH) (infield hit)
|
|
Batting: RHB Taylor Peavey
|
0-0: Swinging Strike 0-1: SINGLE (Groundball, 34D, EV 100.6 MPH) Justin Geiger to second Runner from 2nd tries for 3rd, SAFE, throw by RF made to third
|
|
Batting: LHB Roger Escareno
|
0-0: Grounds into double play, 4-6-3 (Groundball, 34D, EV 89.4 MPH) Justin Geiger scores
|
|
Batting: SHB Tristan Dearing
|
0-0: Ball 1-0: Foul Ball, location: 2F 1-1: Ground out 4-3 (Groundball, 34, EV 88.1 MPH)
|
| Bottom of the 6th over - 1 run, 2 hits, 0 errors, 0 left on base; Bowling Green 1 - Lansing 5 |
| TOP OF THE 7TH |
|
Bowling Green Hot Rods batting - Pitching for Lansing Lugnuts : RHP Bryan Mattis
|
|
Now at 1B: Jody Hudson
|
|
|
Now at 2B: Tristan Dearing
|
|
|
Now at SS: Luis Reyes
|
|
|
Now in LF: Aaron Caron
|
|
|
Batting: RHB Azedine Kirui
|
0-0: Foul Ball, location: 2F 0-1: Swinging Strike 0-2: Strikes out swinging
|
|
Batting: LHB Darryl Gonnella
|
0-0: Foul Ball, location: 2F 0-1: Called Strike 0-2: Ball 1-2: DOUBLE (Flyball, 89XD, EV 110.0 MPH)
|
|
Batting: RHB Jose Arriola
|
0-0: Foul Ball, location: 2F 0-1: Ball 1-1: Foul Ball, location: 2F 1-2: Ball 2-2: Strikes out swinging
|
|
Batting: LHB Harris Vink
|
0-0: Called Strike 0-1: Fly out, F8 (Flyball, 8LM, EV 90.6 MPH)
|
| Top of the 7th over - 0 runs, 1 hit, 0 errors, 1 left on base; Bowling Green 1 - Lansing 5 |
| BOTTOM OF THE 7TH |
|
Lansing Lugnuts batting - Pitching for Bowling Green Hot Rods : RHP Kyle Thomas
|
|
Pitching: RHP Takamori Sugahara
|
|
|
Batting: LHB Eddie Muniz
|
0-0: Called Strike 0-1: Ball 1-1: Ball 2-1: Fly out, F8 (Flyball, 8LM, EV 80.0 MPH)
|
|
Batting: RHB Luis Reyes
|
0-0: Ball 1-0: Swinging Strike 1-1: Called Strike 1-2: Foul Ball, location: 2F 1-2: Strikes out swinging
|
|
Batting: LHB Jody Hudson
|
0-0: Ball 1-0: Ball 2-0: Ball 3-0: Base on Balls
|
|
Batting: RHB Brian Manson
|
0-0: Ball Jody Hudson steals 2nd base 1-0: Foul Ball, location: 2F 1-1: Foul Ball, location: 2F 1-2: Strikes out swinging
|
| Bottom of the 7th over - 0 runs, 0 hits, 0 errors, 1 left on base; Bowling Green 1 - Lansing 5 |
| TOP OF THE 8TH |
|
Bowling Green Hot Rods batting - Pitching for Lansing Lugnuts : RHP Bryan Mattis
|
|
Pitching: RHP Matt Still
|
|
|
Batting: RHB Eric Waugaman
|
0-0: Ball 1-0: Called Strike 1-1: Called Strike 1-2: Foul Ball, location: 2F 1-2: Foul Ball, location: 2F 1-2: Ball 2-2: Ball 3-2: Strikes out swinging
|
|
Batting: RHB Dusty Camelli
|
0-0: Reached via error on a dropped throw from 1B, E1 (Groundball, 34, EV 84.4 MPH)
|
|
Batting: RHB Kunizo Yanagisawa
|
0-0: Called Strike 0-1: Called Strike 0-2: Strikes out swinging
|
|
Batting: RHB Sesto Carpini
|
0-0: Foul Ball, location: 2F 0-1: Swinging Strike 0-2: Strikes out swinging
|
| Top of the 8th over - 0 runs, 0 hits, 1 error, 1 left on base; Bowling Green 1 - Lansing 5 |
| BOTTOM OF THE 8TH |
|
Lansing Lugnuts batting - Pitching for Bowling Green Hot Rods : RHP Takamori Sugahara
|
|
Batting: RHB Kyle Davis
|
0-0: Ball 1-0: Ball 2-0: Ball 3-0: Foul Ball, location: 2F 3-1: Foul Ball, location: 2F 3-2: Foul Ball, location: 2F 3-2: Base on Balls
|
|
Batting: LHB Aaron Caron
|
0-0: Foul Ball, location: 2F 0-1: Ball 1-1: Fielders Choice at 2nd, 4-6 (Groundball, 4M, EV 101.2 MPH)
|
|
Batting: RHB Taylor Peavey
|
0-0: Ball 1-0: Ball 2-0: Called Strike 2-1: Called Strike 2-2: Ball 3-2: Foul Ball, location: 2F 3-2: SINGLE (Line Drive, 89S, EV 110.6 MPH) Aaron Caron to second
|
|
Batting: LHB Roger Escareno
|
0-0: Ball 1-0: Ball 2-0: Called Strike 2-1: Ball 3-1: Swinging Strike 3-2: Base on Balls Aaron Caron to third Taylor Peavey to second
|
|
Batting: SHB Tristan Dearing
|
0-0: Called Strike 0-1: Foul Ball, location: 2F 0-2: Ball 1-2: Strikes out swinging
|
|
Pitching: RHP Virgil Laverick
|
|
|
Batting: LHB Eddie Muniz
|
0-0: Ball 1-0: Fly out, F4 (Popup, 13S, EV 76.2 MPH)
|
| Bottom of the 8th over - 0 runs, 1 hit, 0 errors, 3 left on base; Bowling Green 1 - Lansing 5 |
| TOP OF THE 9TH |
|
Bowling Green Hot Rods batting - Pitching for Lansing Lugnuts : RHP Matt Still
|
|
Batting: RHB Isaiah Easter
|
0-0: Ball 1-0: Ball 2-0: Ball 3-0: Called Strike 3-1: Swinging Strike 3-2: Ground out 4-3 (Groundball, 4, EV 111.2 MPH)
|
|
Batting: RHB Azedine Kirui
|
0-0: Swinging Strike 0-1: Fly out, F8 (Flyball, 8LD, EV 100.6 MPH)
|
|
Batting: LHB Darryl Gonnella
|
0-0: Called Strike 0-1: Foul Ball, location: 2F 0-2: Foul Ball, location: 2F 0-2: Ground out U3 (Groundball, 34S, EV 92.5 MPH)
|
| Top of the 9th over - 0 runs, 0 hits, 0 errors, 0 left on base; Bowling Green 1 - Lansing 5 |
|